 Dungeon Crawl Stone Soup version 0.28-a0-1524-ge72afd5fc6 (webtiles) character file.

Game seed: 13007782567139779117

42 hashsling the Bolt Thrower (level 3, 0/20 HPs)
             Began as a Kobold Arcane Marksman on Jan 17, 2022.
             Slain by a bat zombie (1 damage)
             ... on level 2 of the Dungeon.
             The game lasted 00:05:24 (1474 turns).

hashsling the Bolt Thrower (Kobold Arcane Marksman) Turns: 1474, Time: 00:05:25

Health: 0/20       AC:  2    Str:  7    XL:     3   Next: 80%
Magic:  4/4        EV: 15    Int: 14    God:
Gold:   29         SH:  0    Dex: 17    Spells: 3/4 levels left

rFire   . . .      SeeInvis .   a - +0 hand crossbow
rCold   . . .      Faith    .   (no shield)
rNeg    . . .      Spirit   .   d - +0 robe
rPois   .          Reflect  .   (no helmet)
rElec   .          Harm     .   (no cloak)
rCorr   .          Rampage  .   (no gloves)
Will    .....                   (no boots)
Stlth   +++.......              (no amulet)
HPRegen 0.06/turn               (no ring)
MPRegen 0.09/turn               (no ring)

@: no status effects
A: small, no large weapons, nightstalker 3
a: no special abilities


You were on level 2 of the Dungeon.
You visited 1 branch of the dungeon, and saw 2 of its levels.

You collected 29 gold pieces.

Inventory:

Hand Weapons
 a - a +0 hand crossbow (weapon)
 b - a +0 short sword
Missiles
 c - 17 bolts (quivered ammo)
 j - 2 poisoned darts
Armour
 d - a +0 robe (worn)
Scrolls
 g - a scroll of enchant armour {unknown}
Potions
 e - a potion of invisibility {unknown}
 f - a potion of curing {unknown}
 h - a potion of heal wounds {unknown}
 i - a potion of degeneration {unknown}


   Skills:
 - Level 1.1 Fighting
 * Level 1.6 Short Blades
 * Level 3.8 Crossbows
 * Level 3.0 Dodging
 + Level 0.3 Stealth
 - Level 1.1 Spellcasting
 - Level 3.0 Hexes


You had 3 spell levels left.
You knew the following spells:

 Your Spells              Type           Power      Damage    Failure   Level
a - Slow                  Hex            36%        N/A       8%          1

Your spell library contained the following spells:

 Spells                   Type           Power      Damage    Failure   Level
 Inner Flame              Hex/Fire       4%         N/A       38%         3
 Portal Projectile        Hex/Tloc       8%         N/A       38%         3
 Cause Fear               Hex            4%         N/A       58%         4


Dungeon Overview and Level Annotations

Branches:
Dungeon (2/15)

Altars:

Shops:
D:1 (


Innate Abilities, Weirdness & Mutations

You are small and have problems with some larger weapons.
You are completely attuned to the shadows.


Message History

The rat bites you but does no damage. The hobgoblin closely misses you.
Fire: 22 bolts
Press: ? - help, Q - select action, (/) - cycle Shift-Dir - straight line, f - hobgoblin
Aim: a hobgoblin (heavily wounded, 64% to hit)
You shoot a bolt. The bolt hits the hobgoblin.
You kill the hobgoblin!
The rat misses you. The rat bites you but does no damage.
Your Dodging skill increases to level 3!
b - a +0 short sword (weapon)
You closely miss the rat. The rat misses you.
You hit the rat.
You kill the rat!
A scorpion comes into view.
a - a +0 hand crossbow (weapon)
Fire: 21 bolts
Press: ? - help, Q - select action, (/) - cycle Shift-Dir - straight line, f - scorpion
Aim: a scorpion (wandering, hasn't noticed you, 64% to hit)
You shoot a bolt.
The bolt hits the scorpion but does no damage.
Fire: 20 bolts
Press: ? - help, Q - select action, (/) - cycle Shift-Dir - straight line, f/p - scorpion
Aim: a scorpion (64% to hit)
You shoot a bolt. The bolt closely misses the scorpion.
The scorpion barely misses you.
Fire: 19 bolts
Press: ? - help, Q - select action, (/) - cycle Shift-Dir - straight line, f/p - scorpion
Aim: a scorpion (64% to hit)
You shoot a bolt. The bolt hits the scorpion.
The scorpion is moderately wounded.
The scorpion stings you.
* * * LOW HITPOINT WARNING * * *
Fire: 18 bolts
Press: ? - help, Q - select action, (/) - cycle Shift-Dir - straight line, f/p - scorpion
Aim: a scorpion (moderately wounded, 64% to hit)
You shoot a bolt. The bolt hits the scorpion.
The scorpion is heavily wounded.
The scorpion stings you.
* * * LOW HITPOINT WARNING * * *
The bat zombie hits you.
You die...

≈≈≈≈###...... ≈≈≈.
##..... .. #.....
##.....
..######......
#......#......
...##........
..#####.....#.....
((.s@§§§..........
...Z(§§§.§≈..#...
....§§§§§§≈≈.#.##
.....§§P§≈≈≈..
....§§§P.≈≈≈.


You could see a scorpion and a bat zombie.

Vanquished Creatures
  An adder zombie (D:2)
  A ball python (D:1)
  A bat (D:1)
  4 endoplasms
  2 giant cockroaches (D:1)
  5 goblins
  5 hobgoblins
  4 kobolds (D:1)
  2 quokkas (D:1)
  5 frilled lizards
  4 rats
34 creatures vanquished.

Notes
Turn   | Place    | Note
-------+----------+-------------------------------------------
     0 | D:1      | hashsling the Kobold Arcane Marksman began the quest for
                  | the Orb.
     0 | D:1      | Reached XP level 1. HP: 12/12 MP: 2/2
   269 | D:1      | Reached XP level 2. HP: 16/16 MP: 3/3
   287 | D:1      | Found a faded altar of an unknown god.
   630 | D:1      | Found Vymmuot's Weapon Emporium.
   669 | D:1      | Reached XP level 3. HP: 20/20 MP: 4/4
   679 | D:1      | Reached skill level 1 in Short Blades
  1469 | D:2      | Noticed a scorpion
  1474 | D:2      | HP: 1/20 [scorpion (2)]
  1474 | D:2      | Slain by a bat zombie

Illustrated notes

Levels and vault maps discovered:
D:1:      heliophobic_arrival_glass_houses, layout_basic, serial_shops,
          shop_statue, basic_ecumenical_altar, st_stairs_1
D:2:      layout_rooms, serial_undead, serial_undead_f, serial_undead_c,
          serial_undead_f, serial_undead_f

Skill      XL: |  1  2  3 |
---------------+----------+-----
Crossbows      | 3 |  3.8
Short Blades   | 1 |  1.6
Dodging        | 3 |  3.0
Fighting       | |  1.1
Stealth        | |  0.3
Spellcasting   | |  1.1
Hexes          | |  3.0

Action                   || total
-------------------------++-------
Melee: Short sword       ||    49
 Fire: Hand crossbow     ||    39
 Stab: Sleeping          ||     2
Armor: Robe              ||     4
Dodge: Dodged            ||    51

Table legend: (Time is in decaauts)
 A = Elapsed time spent in this place.
 B = Non-inter-level travel time spent in this place.
 C = Inter-level travel time spent in this place.
 D = Time resting spent in this place.
 E = Time spent auto-exploring this place.
 F = Levels seen in this place.
 G = Mean time per level.
                   A        B        C        D        E       F      G
               +--------+--------+--------+--------+--------+-----+--------+
         Total |   1480 |   1466 |     14 |      0 |   1239 |   2 |  740.0 |
       Dungeon |   1480 |   1466 |     14 |      0 |   1239 |   2 |  740.0 |
               +--------+--------+--------+--------+--------+-----+--------+

Top non-repeatable levels by time:
     D:1: 1185 daAuts
     D:2: 295 daAuts
